 Dungeon Crawl Stone Soup version 0.28-a0-1624-g820543e53a (webtiles) character file.

Game seed: 14385423243654333356

362 jlumianski the Firebug (level 6, -1/47 HPs)
             Began as a Hill Orc Fire Elementalist on Jan 23, 2022.
             Succumbed to a killer bee's poison
             ... on level 4 of the Dungeon.
             The game lasted 00:21:57 (4438 turns).

jlumianski the Firebug (Hill Orc Fire Elementalist) Turns: 4438, Time: 00:21:58

Health: -1/47      AC:  5    Str: 13    XL:     6   Next: 66%
Magic:  9/9        EV: 11    Int: 15    God:
Gold:   161        SH:  0    Dex: 11    Spells: 7/10 levels left

rFire   . . .      SeeInvis .   q - +3 morningstar (venom)
rCold   . . .      Faith    .   (no shield)
rNeg    . . .      Spirit   .   j - +0 leather armour
rPois   .          Reflect  .   (no helmet)
rElec   .          Harm     .   m - +1 cloak {rCorr}
rCorr   +          Rampage  .   (no gloves)
Will    .....                   (no boots)
Stlth   ++........              (no amulet)
HPRegen 0.15/turn               (no ring)
MPRegen 0.11/turn               (no ring)

@: lethally poisoned (-1 -> -9)
A: no striking features
a: no special abilities


You were on level 4 of the Dungeon.
You visited 2 branches of the dungeon, and saw 6 of its levels.

You collected 211 gold pieces.
You spent 50 gold pieces at shops.

Inventory:

Hand Weapons
 h - a +2 mace of draining
 k - a +2 quarterstaff of chaos
 q - a +3 morningstar of venom (weapon)
Missiles
 d - 37 stones (quivered)
 f - 15 arrows
 i - 33 bolts
 o - 3 poisoned darts
 r - a boomerang
Armour
 a - a +0 robe
 j - a +0 leather armour (worn)
 m - a +1 cloak of preservation (worn)
Jewellery
 g - an amulet of guardian spirit
Scrolls
 n - a scroll of teleportation
 p - a scroll of torment {unknown}
Potions
 c - a potion of lignification
 e - 2 potions of invisibility
 l - a potion of resistance
 s - a potion of mutation {unknown}
 t - a potion of haste {unknown}


   Skills:
 + Level 1.5 Fighting
 + Level 2.7 Maces & Flails
 + Level 1.7 Armour
 + Level 2.1 Dodging
 + Level 2.2 Stealth
 + Level 2.6 Spellcasting
 + Level 1.8 Conjurations
 + Level 4.9 Fire Magic


You had 7 spell levels left.
You knew the following spells:

 Your Spells              Type           Power      Damage    Failure   Level
a - Foxfire               Conj/Fire      48%        2x1d6     7%          1
b - Scorch                Fire           32%        2d7       5%          2

Your spell library contained the following spells:

 Spells                   Type           Power      Damage    Failure   Level
 Conjure Flame            Conj/Fire      12%        6-21      21%         3
 Inner Flame              Hex/Fire       9%         N/A       28%         3
 Corpse Rot               Necr/Air       2%         N/A       38%         2
 Flame Wave               Conj/Fire      12%        2d6       54%         4
 Dispel Undead            Necr           1%         3d6       95%         4
 Death Channel            Necr           0%         N/A       100%        6


Dungeon Overview and Level Annotations

Branches:
Dungeon (5/15)             Temple (1/1) D:4

Altars:
Ashenzari
Cheibriados
Dithmenos
Elyvilon
Gozag
Okawaru
Sif Muna
Trog
Uskayaw
Vehumet
Wu Jian
Xom

Shops:
D:2 ![[!

Annotations:
D:5 Grinder


Message History

You kill the orc wizard!
The foxfire hits the orc.
You kill the orc!
Your foxfire dissipates!
Your magical contamination has completely faded away.
Things that are here:
a +0 dagger; a +0 robe
Things that are here:
a +0 hand axe; an orc corpse
There is a stone staircase leading down, spattered with blood here.
You start resting.
Magic restored.
You start resting.
HP restored.
You climb downwards.
Level annotation: Grinder The killer bee stings you!
The killer bee zombie hits you. The killer bee stings you. x2
The killer bee zombie closely misses you.
The killer bee closely misses you. The killer bee barely misses you.
The orc misses you. The orc hits you but does no damage.
The killer bee zombie hits you. The killer bee closely misses you.
There is a stone staircase leading up, spattered with blood here.
The killer bee stings you.
You are poisoned.
The killer bee poisons you! The killer bee stings you.
* * * LOW HITPOINT WARNING * * *
The killer bee zombie closely misses you.
The orc closely misses you.
The orc hits you with a +0 hand axe of freezing.
* * * LOW HITPOINT WARNING * * *
The orc freezes you.
* * * LOW HITPOINT WARNING * * *
The killer bee stings you but does no damage.
The killer bee stings you.
* * * LOW HITPOINT WARNING * * *
The killer bee zombie hits you.
* * * LOW HITPOINT WARNING * * *
You climb upwards.
You die...

.....####.........#......).......
......##....##.##........#.......
.......#....#####......###.......
......##....##.#......####.......
......#.....>...........##.......
#.......................##.......
.....###.........................
.........##....yy........####....
...##.##.####...@.......####..#..
.#....##..###..oo........##†..##.
.....>##...#..........##......##.
......##...............#..##.....
............<.........#######....
.......###..####.......###.....##
..#.#### #..## ##.....##.......##
..#. ###.#.######............#
.... #......†.###...##........


You could see 2 killer bees and 2 orcs.

Vanquished Creatures
  A water moccasin skeleton (D:4)
  2 hounds (D:3)
  Crazy Yiuf (D:3)
  3 orc wizards (D:4)
  5 adders
  2 worms (D:3)
  7 orcs
  6 bats
  12 endoplasms
  8 giant cockroaches
  2 goblins
  6 hobgoblins
  5 jackals
  8 kobolds
  6 quokkas
  6 ball pythons
  4 frilled lizards
  5 rats
89 creatures vanquished.

Vanquished Creatures (others)
  197 foxfires
  A plant (Temple)
198 creatures vanquished.

Grand Total: 287 creatures vanquished

Notes
Turn   | Place    | Note
-------+----------+-------------------------------------------
     0 | D:1      | jlumianski the Hill Orc Fire Elementalist began the quest
                  | for the Orb.
     0 | D:1      | Reached XP level 1. HP: 14/14 MP: 3/3
   152 | D:1      | Reached XP level 2. HP: 20/20 MP: 0/4
   340 | D:1      | Found a faded altar of an unknown god.
   487 | D:2      | Found Inaeffa's Antique Armour Shop.
   520 | D:2      | Bought a leather armour for 50 gold pieces
   566 | D:1      | Reached XP level 3. HP: 26/26 MP: 2/5
   690 | D:1      | Learned a level 2 spell: Scorch
   729 | D:1      | Reached skill level 4 in Fire Magic
   990 | D:2      | Found Laynyimo's Distillery.
  1273 | D:2      | Found Wesyt's Distillery.
  1322 | D:3      | Found a shadowy altar of Dithmenos.
  1377 | D:2      | Found a shimmering altar of Xom.
  1857 | D:2      | Found Jegith's Antique Armour Shop.
  1908 | D:2      | Reached XP level 4. HP: 33/34 MP: 5/7
  2145 | D:4      | Reached skill level 1 in Maces & Flails
  2145 | D:4      | Reached XP level 5. HP: 25/39 MP: 2/8
  2170 | D:3      | Reached skill level 1 in Fighting
  2170 | D:3      | Reached skill level 1 in Armour
  3330 | D:3      | Found a runed translucent door.
  3331 | D:3      | Noticed Crazy Yiuf
  3347 | D:3      | Killed Crazy Yiuf
  3348 | D:3      | Reached XP level 6. HP: 43/47 MP: 3/9
  3676 | D:4      | Found a staircase to the Ecumenical Temple.
  3687 | Temple   | Entered the Ecumenical Temple
  3835 | D:4      | Found a shimmering blue altar of Sif Muna.
  3865 | D:4      | Got Sif Muna's Compendium of the Blaze
  4219 | D:5      | Entered Level 5 of the Dungeon
  4219 | D:5      | Noticed Grinder
  4437 | D:5      | HP: 2/47 [killer bee zombie (5)]
  4438 | D:4      | Succumbed to a killer bee's poison

Illustrated notes

Levels and vault maps discovered:
D:1:      pf_arrival_petrified_forest, layout_basic,
          dilly_ecumenical_altar_fadedgnrine, amcnicky_mini_corridor_feature
D:2:      layout_loops_ring, basic_altar, serial_shops,
          nicolae_shop_hallway_stairs, shop, nicolae_shop_behind_doors,
          nicolae_diamond_shop
D:3:      layout_basic, grunt_dithmenos_smoke, uniq_crazy_yiuf_cottage
D:4:      layout_cave_pools, led_sif_book, minmay_temple_entry_tees,
          minmay_misc_feat_five
D:5:      layout_rooms, general_overflow_altar, serial_shops,
          kennysheep_mini_moat, minmay_pentangle, uniq_eustachio, uniq_grinder
Temple:   jpeg_temple_island

Skill      XL: |  1  2  3  4  5 |
---------------+----------------+-----
Fire Magic     | 4 |  4.9
Spellcasting   | 2 |  2.6
Stealth        | 2 |  2.2
Maces & Flails | 1 2 |  2.7
Fighting       | 1 |  1.5
Armour         | 1 |  1.7
Dodging        | 2 |  2.1
Conjurations   | |  1.8

Action                   |  1- 3 |  4- 6 || total
-------------------------+-------+-------++-------
Melee: Unarmed           |     6 |       ||     6
       Mace              |    27 |    20 ||    47
       Morningstar       |       |    33 ||    33
Throw: Stone             |       |     2 ||     2
 Cast: Foxfire           |    52 |    57 ||   109
       Scorch            |     1 |    15 ||    16
  Use: Scroll            |       |     9 ||     9
       Potion            |       |     1 ||     1
 Stab: Sleeping          |     2 |     1 ||     3
Armor: Robe              |     3 |       ||     3
       Leather armour    |    15 |    25 ||    40
Dodge: Dodged            |    34 |    96 ||   130

Table legend: (Time is in decaauts)
 A = Elapsed time spent in this place.
 B = Non-inter-level travel time spent in this place.
 C = Inter-level travel time spent in this place.
 D = Time resting spent in this place.
 E = Time spent auto-exploring this place.
 F = Levels seen in this place.
 G = Mean time per level.
                   A        B        C        D        E       F      G
               +--------+--------+--------+--------+--------+-----+--------+
         Total |   4482 |   4430 |     52 |    985 |   2158 |   6 |  747.0 |
       Dungeon |   4385 |   4333 |     52 |    985 |   2127 |   5 |  877.0 |
        Temple |     96 |     96 |      0 |      0 |     31 |   1 |   96.0 |
               +--------+--------+--------+--------+--------+-----+--------+

Top non-repeatable levels by time:
     D:3: 1557 daAuts
     D:1: 1130 daAuts
     D:2: 1038 daAuts
     D:4: 648 daAuts
  Temple: 96 daAuts
     D:5: 11 daAuts
